 Dungeon Crawl Stone Soup version 0.26.0-10-g1f06aea511 (webtiles) character file.

Game seed: 7536835463656323147

324 trckry the Insei (level 6, -4/47 HPs)
             Began as a Draconian Transmuter on Jan 13, 2021.
             Slain by a centaur (7 damage)
             ... on level 5 of the Dungeon.
             The game lasted 00:07:45 (4761 turns).

trckry the Insei (Draconian Transmuter)             Turns: 4761, Time: 00:07:46

Health: -4/47      AC:  6    Str: 12    XL:     6   Next: 23%
Magic:  9/9        EV: 12    Int: 15    God:
Gold:   388        SH:  0    Dex: 12    Spells: 8/9 levels left

rFire    . . .     SeeInvis +     - Unarmed
rCold    . . .     Faith    .   (no shield)
rNeg     . . .     Spirit   .   (armour unavailable)
rPois    .         Reflect  .   (helmet currently unavailable)
rElec    .         Harm     .   (no cloak)
rCorr    .         Rampage  .   (no gloves)
Will     .....                  (boots currently unavailable)
Stlth    +.........             d - amulet of magic regeneration
HPRegen  0.15/turn              j - ring of see invisible
MPRegen  0.36/turn              (no ring)

@: appendages
A: unfitting armour, horns 2, talons 2, cold-blooded, AC +6
a: End Transformation


You were on level 5 of the Dungeon.
You had grown temporary horns.
You had grown temporary talons.
You visited 1 branch of the dungeon, and saw 5 of its levels.

You collected 388 gold pieces.

Inventory:

Missiles
 g - 24 poisoned darts (quivered)
Armour
 e - a +0 pair of boots
Jewellery
 d - an amulet of magic regeneration (around neck)
 j - a ring of see invisible (left hand)
Scrolls
 c - 3 scrolls of identify {unknown}
 h - a scroll of blinking {unknown}
 i - a scroll of enchant weapon {unknown}
 m - 2 scrolls of magic mapping {unknown}
 n - a scroll of fog {unknown}
 o - 2 scrolls of remove curse {unknown}
 q - a scroll of enchant armour {unknown}
 r - a scroll of teleportation {unknown}
 s - a scroll of random uselessness {unknown}
Potions
 a - a potion of might {unknown}
 b - 2 potions of haste {unknown}
 f - 2 potions of mutation {unknown}
 k - a potion of heal wounds {unknown}
 l - a potion of invisibility {unknown}
 p - 2 potions of curing {unknown}


   Skills:
 - Level 1.1 Fighting
 - Level 1.7 Dodging
 * Level 5.4 Unarmed Combat
 - Level 2.0 Spellcasting
 * Level 4.8 Transmutations


You had 8 spell levels left.
You knew the following spells:

 Your Spells              Type           Power        Failure   Level
a - Beastly Appendage     Tmut           32%          3%          1

Your spell library contained the following spells:

 Spells                   Type           Power        Failure   Level
 Wereblood                Tmut           16%          4%          2
 Spider Form              Tmut/Pois      4%           24%         3
 Ice Form                 Ice/Tmut       8%           63%         4
 Blade Hands              Tmut           8%           63%         5


Dungeon Overview and Level Annotations

Branches:
Dungeon (5/15)
 Temple: D:4-7

Altars:
Elyvilon
Trog

Shops:
D:4 [


Innate Abilities, Weirdness & Mutations

Your plain brown scales are hard. (AC +6)
You cannot fit into any form of body armour.
You are cold-blooded and may be slowed by cold attacks.
You have a pair of horns on your head.
You have razor-sharp toenails.


Message History

The centaur shoots an arrow.
The arrow barely misses you.
Found a stone staircase leading down.
The centaur unwields a +0 shortbow.
The centaur hits you.
* * * LOW HITPOINT WARNING * * *
You hit the centaur. You claw the centaur, but do no damage.
The centaur is lightly wounded.
The centaur hits you.
* * * LOW HITPOINT WARNING * * *
The centaur barely misses you.
You hit the centaur but do no damage.
The centaur is lightly wounded.
The centaur hits you but does no damage.
You hit the centaur.
Your tail-slap misses the centaur.
The centaur is lightly wounded.
The centaur hits you.
* * * LOW HITPOINT WARNING * * *
You hit the centaur. You claw the centaur!
The centaur is severely wounded.
The centaur hits you!
You die...

......#.. ......#..
......#'#### ...........#
...........# ...........#
......c....#
.>.....@...##+## ##
..######.......# #.
#...)#.(.....# #.
#....#..(.####### #.
#....#...(#.....# #.
+....#....#.≈.≈.### #.
#....#....#.._..'.###.
####....#....#.≈.≈.#.....
..c.....#....#.....#.....


You could see a centaur.

Vanquished Creatures
  A scorpion (D:4)
  An orc priest (D:4)
  Jessica (D:3)
  2 iguanas (D:4)
  A worker ant (D:4)
  Terence (D:3)
  2 adders (D:3)
  3 oozes
  An adder skeleton (D:5)
  3 worms
  2 dart slugs
  3 leopard geckos
  5 orcs
  5 bats
  5 giant cockroaches
  4 goblins
  5 hobgoblins
  8 jackals
  6 kobolds
  A quokka (D:3)
  4 frilled lizards
  A quokka skeleton (D:4)
  6 rats
71 creatures vanquished.

Notes
Turn   | Place    | Note
-------+----------+-------------------------------------------
     0 | D:1      | trckry the Draconian Transmuter began the quest for the
                  | Orb.
     0 | D:1      | Reached XP level 1. HP: 16/16 MP: 3/3
   168 | D:1      | Reached XP level 2. HP: 16/23 MP: 3/5
  1036 | D:2      | Found a white marble altar of Elyvilon.
  1068 | D:2      | Reached XP level 3. HP: 21/28 MP: 4/6
  1848 | D:3      | Noticed Terence
  1869 | D:3      | Killed Terence
  1870 | D:3      | Reached skill level 4 in Unarmed Combat
  1870 | D:3      | Reached XP level 4. HP: 31/35 MP: 7/7
  2387 | D:3      | Noticed Jessica
  2391 | D:3      | Killed Jessica
  2556 | D:3      | Reached XP level 5. HP: 30/40 MP: 6/8
  3272 | D:4      | Reached skill level 5 in Unarmed Combat
  3740 | D:4      | Found Segger's Antique Armour Shop.
  4152 | D:4      | Reached XP level 6. HP: 34/47 MP: 9/9
  4492 | D:5      | Entered Level 5 of the Dungeon
  4733 | D:5      | Found a bloodstained altar of Trog.
  4760 | D:5      | HP: 3/47 [centaur (4)]
  4761 | D:5      | Slain by a centaur

Illustrated notes

Levels and vault maps discovered:
D:1:      saegor_arrival_miasma, layout_loops_ring
D:2:      layout_basic, elyvilon_altar_5
D:3:      layout_loops_ring, minmay_distorted, uniq_terence, uniq_jessica
D:4:      layout_basic, serial_shops, shop
D:5:      layout_gridville, led_sif_book, kennysheep_little_box,
          makhleb_blood_cavern_becter, uniq_duvessa, uniq_ijyb

Skill      XL: |  1  2  3  4  5 |
---------------+----------------+-----
Transmutations | 3 4 |  4.8
Unarmed Combat | 4 5 |  5.4
Fighting       | |  1.1
Dodging        | |  1.7
Spellcasting   | |  2.0

Action                   |  1- 3 |  4- 6 || total
-------------------------+-------+-------++-------
Melee: Unarmed           |   106 |   172 ||   278
       Headbutt          |    10 |    10 ||    20
       Kick              |    14 |    29 ||    43
       Tailslap          |     8 |    15 ||    23
       Punch             |     1 |     4 ||     5
Throw: Dart              |     5 |       ||     5
 Cast: Beastly Appendage |    16 |    19 ||    35
Armor: Skin              |    38 |    48 ||    86
Dodge: Dodged            |    77 |    99 ||   176
